 Dungeon Crawl Stone Soup version 0.30-a0-852-g08b95dd62f (webtiles) character file.

Game seed: 11442908397246793541

88 Darius099 the Ruffian (level 4, 0/44 HPs)
             Began as a Troll Monk on Mar 4, 2023.
             Slain by a gnoll
             ... wielding a +2 halberd of flaming
              (3 damage)
             ... on level 3 of the Dungeon.
             The game lasted 00:04:08 (1893 turns).

Darius099 the Ruffian (Troll Monk)                  Turns: 1893, Time: 00:04:09

Health: 0/44       AC:  8    Str: 19    XL:     4   Next: 29%
Magic:  3/3        EV: 10    Int:  6    God:
Gold:   200        SH:  0    Dex: 14    Spells: 3/3 levels left

rFire   . . .      SeeInvis +      - Unarmed
rCold   . . .      Faith    .    (no shield)
rNeg    . . .      Spirit   .    m - +0 robe
rPois   .          Reflect  .    (helmet restricted)
rElec   .          Rampage  .    (no cloak)
rCorr   .                        (gloves unavailable)
Will    .....                    (boots unavailable)
Stlth   ++                       (no amulet)
HPRegen 1.07/turn                i - +4 ring of protection
MPRegen 0.08/turn                k - ring of see invisible

@: no status effects
A: large, unfitting armour, claws 3, regeneration 1, shaggy fur 1, tough skin 1
a: no special abilities


You were on level 3 of the Dungeon.
You visited 1 branch of the dungeon, and saw 3 of its levels.

You collected 200 gold pieces.

Inventory:

Armour
 m - a +0 robe (worn)
Jewellery
 i - a +4 ring of protection (left claw)
 k - a ring of see invisible (right claw)
Scrolls
 a - a scroll of enchant weapon {unknown}
 c - 4 scrolls of identify {unknown}
 e - 2 scrolls of teleportation {unknown}
 g - a scroll of poison {unknown}
 h - a scroll of amnesia {unknown}
 j - a scroll of noise {unknown}
 l - a scroll of blinking {unknown}
Potions
 b - a potion of ambrosia
 d - a potion of invisibility {unknown}
 f - 2 potions of curing {unknown}


   Skills:
 - Level 2.4 Fighting
 - Level 2.4 Dodging
 - Level 1.0 Stealth
 + Level 5.2 Unarmed Combat


You had 3 spell levels left.
You didn't know any spells.
Your spell library was empty.

Dungeon Overview and Level Annotations

Branches:
Dungeon (3/15)

Altars:
Fedhas


Innate Abilities, Weirdness & Mutations

You are too large for most types of armour.
You have claws for hands.
Your natural rate of healing is unusually fast.
You are covered in fur. (AC +1)
You have tough skin. (AC +1)


Message History

A gnoll comes into view. It is wielding a +0 halberd of flaming.
The gnoll throws a throwing net.
The throwing net closely misses you.
A gnoll comes into view. It is wielding a +0 flail.
The gnoll barely misses you.
A gnoll comes into view. It is wielding a +2 halberd of flaming.
The gnoll shouts!
The gnoll throws a throwing net.
The throwing net closely misses you. The gnoll misses you.
A gnoll comes into view. It is wielding a +0 flail.
You see here a throwing net.
The gnoll shouts!
You scratch the gnoll but do no damage. You claw the gnoll!
The gnoll is almost dead.
The gnoll closely misses you.
You closely miss the gnoll.
The gnoll is almost dead.
The gnoll hits you with a +0 halberd of flaming!
The gnoll burns you. The gnoll misses you.
You barely miss the gnoll.
The gnoll is almost dead.
The gnoll barely misses you. The gnoll closely misses you.
You claw the gnoll!
You kill the gnoll!
The gnoll hits you with a +0 flail.
Your Unarmed Combat skill increases to level 5!
You claw the gnoll!
The gnoll is almost dead.
The gnoll closely misses you.
You scratch the gnoll.
You kill the gnoll!
The gnoll hits you from afar with a +2 halberd of flaming!
The gnoll burns you. The gnoll hits you with a +0 flail!
* * * LOW HITPOINT WARNING * * *
A hobgoblin comes into view.
You completely miss the gnoll. The gnoll hits you but does no damage.
The gnoll hits you from afar with a +2 halberd of flaming!
* * * LOW HITPOINT WARNING * * *
The gnoll burns you.
You die...

###.##.###..# #.#
............######.#
###.##.............#
###.#######.########
....# #...(#####
##### #####.....#
.........#.#
.#######.# #@#
#g)).# #..g..#
#...#(# #...#..#
#.... ..# g...# ...
....# ..#


You could see 2 gnolls and a hobgoblin (wandering).

Vanquished Creatures
  2 gnolls (D:3)
  An adder (D:3)
  2 worms
  3 dart slugs
  3 orcs (D:3)
  3 bats
  3 endoplasms (D:1)
  3 giant cockroaches
  6 goblins
  2 hobgoblins
  3 kobolds
  2 quokkas
  5 ball pythons
  2 frilled lizards
  3 rats
43 creatures vanquished.

Notes
Turn   | Place    | Note
-------+----------+-------------------------------------------
     0 | D:1      | Darius099 the Troll Monk began the quest for the Orb.
     0 | D:1      | Reached XP level 1. HP: 22/22 MP: 0/0
   185 | D:1      | Reached XP level 2. HP: 29/29 MP: 1/1
   657 | D:1      | Reached skill level 4 in Unarmed Combat
  1073 | D:2      | Reached XP level 3. HP: 20/36 MP: 2/2
  1766 | D:3      | Found a blossoming altar of Fedhas.
  1830 | D:3      | Reached XP level 4. HP: 44/44 MP: 3/3
  1891 | D:3      | Reached skill level 5 in Unarmed Combat
  1893 | D:3      | Slain by a gnoll

Illustrated notes

Levels and vault maps discovered:
D:1:      psy_arrival_terrarium, layout_basic, chequers_serial_rivers_micro_a
D:2:      layout_loops_ring
D:3:      layout_basic, grunt_temple_overflow_bloody_war,
          nicolae_overflow_hidden_temple, fedhas_altar_2, st_stairs_1

Skill      XL: |  1  2  3  4 |
---------------+-------------+-----
Unarmed Combat | 4 5 |  5.2
Fighting       | |  2.4
Dodging        | |  2.4
Stealth        | |  1.0

Action                     |  1- 3 |  4- 6 || total
---------------------------+-------+-------++-------
  Melee: Unarmed           |   111 |     8 ||   119
         Punch             |     1 |       ||     1
   Stab: Sleeping          |     6 |       ||     6
 Armour: Robe              |    35 |     1 ||    36
  Dodge: Dodged            |    45 |     9 ||    54

Table legend: (Time is in decaauts)
 A = Elapsed time spent in this place.
 B = Non-inter-level travel time spent in this place.
 C = Inter-level travel time spent in this place.
 D = Time resting spent in this place.
 E = Time spent auto-exploring this place.
 F = Levels seen in this place.
 G = Mean time per level.
                   A        B        C        D        E       F      G
               +--------+--------+--------+--------+--------+-----+--------+
         Total |   1882 |   1856 |     26 |     15 |   1276 |   3 |  627.3 |
       Dungeon |   1882 |   1856 |     26 |     15 |   1276 |   3 |  627.3 |
               +--------+--------+--------+--------+--------+-----+--------+

Top non-repeatable levels by time:
     D:1: 924 daAuts
     D:2: 676 daAuts
     D:3: 281 daAuts
